 Seeded DCSS version 0.30-a0-540-g0af01429fa (webtiles) character file.

Game seed: 7699610741405272615 (custom seed)

21 purpskrrrp the Trooper (level 2, -2/33 HPs)
             Began as an Ogre Berserker on Dec 25, 2022.
             Was a Follower of Trog.
             Succumbed to a kobold's poison
             ... on level 1 of the Dungeon.
             The game lasted 00:00:29 (85 turns).

purpskrrrp the Trooper (Ogre Berserker)               Turns: 85, Time: 00:00:30

Health: -2/33      AC:  3    Str: 20    XL:     2   Next: 83%
Magic:  2/2        EV: 10    Int:  8    God:    Trog [*.....]
Gold:   0          SH:  0    Dex:  8    Spells: 1/1 levels left

rFire   . . .      SeeInvis .    a - +0 mace
rCold   . . .      Faith    .    (no shield)
rNeg    . . .      Spirit   .    b - +0 animal skin
rPois   .          Reflect  .    (helmet restricted)
rElec   .          Harm     .    (no cloak)
rCorr   .          Rampage  .    (gloves unavailable)
Will    .....                    (boots unavailable)
Stlth   +                        (no amulet)
HPRegen 0.25/turn                (no ring)
MPRegen 0.08/turn                (no ring)

@: lethally poisoned (-2 -> -26), on berserk cooldown, slowed, very slow
A: large, unfitting armour, tough skin 1
a: Renounce Religion, Berserk


You were on level 1 of the Dungeon.
You worshipped Trog.
Trog was aware of your devotion.
You visited 1 branch of the dungeon, and saw 1 of its levels.

Inventory:

Hand Weapons
 a - a +0 mace (weapon)
Armour
 b - a +0 animal skin (worn)
Scrolls
 c - a scroll of fog {unknown}


   Skills:
 * Level 4.7 Fighting
 + Level 2.9 Maces & Flails
 + Level 2.9 Dodging


You had one spell level left.
You didn't know any spells.
Your spell library was empty.

Dungeon Overview and Level Annotations

Branches:
Dungeon (1/15)

Altars:


Innate Abilities, Weirdness & Mutations

You are too large for most types of armour.
You have tough skin. (AC +1)


Message History

You hit the goblin.
You kill the goblin!
Trog accepts your kill. The kobold barely misses you.
The kobold hits you with a +2 whip of venom.
You hit the kobold.
The kobold is moderately wounded.
The kobold hits you with a +2 whip of venom.
You are poisoned.
The kobold hits you with a +2 whip of venom.
You are lethally poisoned!
You are too injured to fight recklessly!
You are too injured to fight recklessly!
You are too injured to fight recklessly!
You are too injured to fight recklessly!
You are too injured to fight recklessly!
You are too injured to fight recklessly!
You are too injured to fight recklessly!
You are too injured to fight recklessly!
You are too injured to fight recklessly!
You are too injured to fight recklessly!
You are too injured to fight recklessly!
You are too injured to fight recklessly!
You are too injured to fight recklessly!
You are too injured to fight recklessly!
You are too injured to fight recklessly!
You are too injured to fight recklessly!
You are too injured to fight recklessly!
You are too injured to fight recklessly!
You hit the rat.
You kill the rat!
Trog accepts your kill.
* * * LOW HITPOINT WARNING * * *
You feel extremely sick. The kobold closely misses you.
A frilled lizard comes into view.
The kobold hits you with a +2 whip of venom.
* * * LOW HITPOINT WARNING * * *
You are more poisoned.
You die...

#..............#####'###
..........#.##.#.......)
...............#........
...............#..⌠...⌠.
...............#........
............##.+....<...
.......[...#####........
..$........# #..⌠...⌠.
.#....K@).## #........
.......!.......#........
.#.............#####+###
.......#..####. .......
... ....... ###. ......l
.# ....... .


You could see a kobold and a frilled lizard (wandering).

Vanquished Creatures
  A gnoll (D:1)
  A bat (D:1)
  3 goblins (D:1)
  A ball python (D:1)
  A frilled lizard (D:1)
  2 kobolds (D:1)
  2 rats (D:1)
11 creatures vanquished.

Notes
Turn   | Place    | Note
-------+----------+-------------------------------------------
     0 | D:1      | purpskrrrp the Ogre Berserker began the quest for the Orb.
     0 | D:1      | Reached XP level 1. HP: 24/24 MP: 1/1
    66 | D:1      | Reached XP level 2. HP: 33/33 MP: 2/2
    85 | D:1      | Succumbed to a kobold's poison

Illustrated notes

Levels and vault maps discovered:
D:1:      mushboom_english_gardens, layout_rooms

Action                   || total
-------------------------++-------
Melee: Mace              ||    36
       Punch             ||     1
Invok: Berserk           ||     2
Armor: Animal skin       ||    13
Dodge: Dodged            ||    17

Table legend: (Time is in decaauts)
 A = Elapsed time spent in this place.
 B = Non-inter-level travel time spent in this place.
 C = Inter-level travel time spent in this place.
 D = Time resting spent in this place.
 E = Time spent auto-exploring this place.
 F = Levels seen in this place.
 G = Mean time per level.
                   A        B        C        D        E       F      G
               +--------+--------+--------+--------+--------+-----+--------+
         Total |    103 |    103 |      0 |      0 |     23 |   1 |  103.0 |
       Dungeon |    103 |    103 |      0 |      0 |     23 |   1 |  103.0 |
               +--------+--------+--------+--------+--------+-----+--------+

Top non-repeatable levels by time:
     D:1: 103 daAuts
